 Dungeon Sprint DCSS version 0.21-a0-272-g984ae92 (webtiles) character file.

25 terra52 the Skirmisher (level 3, -4/23 HPs)
             Began as a Vine Stalker Gladiator on Sept 15, 2017.
             Slain by an ogre
             ... wielding a +0 giant club
              (13 damage)
             ... in the Dungeon (Sprint I: "Red Sonja").
             The game lasted 00:00:27 (69 turns).

terra52 the Skirmisher (Vine Stalker Gladiator)       Turns: 69, Time: 00:00:27

Health: -4/23      AC:  5    Str: 17    XL:     3   Next: 4%
Magic:  0/4        EV: 12    Int:  8    God:
Gold:   0          SH:  0    Dex: 15    Spells: 2/2 levels left

rFire    + . .     SeeInvis .   a - +0 long sword
rCold    . . .     Gourm    .   (no shield)
rNeg     . . .     Faith    .   l - +1 leather armour {rF+}
rPois    .         Spirit   +   c - +0 helmet
rElec    .         Reflect  .   (no cloak)
rCorr    .         Harm     .   (no gloves)
MR       .....     NoTele   +   (no boots)
Stlth    +.........             (no amulet)
HPRegen  0.07/turn              (no ring)
MPRegen  0.09/turn              (no ring)

@: no status effects
A: fangs 2, magic shield, antimagic bite, no potion heal 3, rot immunity
a: no special abilities


You were in the Dungeon.
You were not hungry.

You visited 1 branch

Inventory:

Hand Weapons
 a - a +0 long sword (weapon)
Armour
 b - a +0 leather armour
 c - a +0 helmet (worn)
 l - a +1 leather armour of fire resistance (worn)
Scrolls
 k - a scroll of blinking
Potions
 e - a potion of curing
 g - a potion of heal wounds
 h - a potion of haste
 i - 2 potions of magic
 j - a potion of berserk rage
Comestibles
 f - a bread ration


   Skills:
 + Level 5.5 Fighting
 - Level 2.6 Long Blades
 - Level 1.7 Throwing
 - Level 2.4 Dodging


You had 2 spell levels left.
You didn't know any spells.

Dungeon Overview and Level Annotations

Branches:
Dungeon (1/1)

Altars:


Innate Abilities, Weirdness & Mutations

You have extremely sharp teeth.
When hurt, damage is shared between your health and your magic reserves.
Your bite disrupts and absorbs the magic of your enemies.
Potions cannot restore your health.
You are immune to rotting.


Message History

The ogre struggles against the net.
The net rips apart, and the ogre comes free!
You completely miss the ogre. You bite the ogre, but do no damage.
The ogre is lightly wounded.
The ogre barely misses you.
You riposte.
You barely miss the ogre.
The ogre is lightly wounded.
You slash the ogre! You bite the ogre, but do no damage.
The ogre is moderately wounded.
The ogre hits you with a giant club!
Ouch! That really hurt!
You hit the ogre. You bite the ogre. You drain its power.
You feel invigorated.
The ogre is severely wounded.
The ogre barely misses you.
You riposte.
You barely miss the ogre. You bite the ogre. You drain its power.
The ogre is severely wounded.
You completely miss the ogre. You bite the ogre. You drain its power.
The ogre is severely wounded.
The ogre hits you with a giant club!
Ouch! That really hurt!
You die...

##########
#<.#.@O..#
#..'†.#..+
#..#### +#
#..# #..#
#..# #⌠⌠#
####


You could see an ogre.

Vanquished Creatures
  Ijyb (D)
1 creature vanquished.

Notes
Turn   | Place    | Note
-------+----------+-------------------------------------------
     0 | D        | terra52 the Vine Stalker Gladiator began the quest for the Orb.
     0 | D        | Reached XP level 1. HP: 11/11 MP: 2/2
     1 | D        | Noticed Ijyb
    19 | D        | Killed Ijyb
    19 | D        | Reached skill level 5 in Fighting
    19 | D        | Reached XP level 2. HP: 15/18 MP: 3/3
    19 | D        | Reached XP level 3. HP: 20/23 MP: 4/4
    60 | D        | Noticed an ogre
    69 | D        | Slain by an ogre

Vault maps used:
D:        dungeon_sprint_1

Skill      XL: |  1 |
---------------+----+-----
Fighting       | 5 |  5.5
Long Blades    | |  2.6
Throwing       | |  1.7
Dodging        | |  2.4

Action                   || total
-------------------------++-------
Melee: Long sword        ||    21
       Bite              ||    14
Throw: Throwing net      ||     4
 Stab: Held in net/web   ||     1
Armor: Leather armour    ||     3
Dodge: Dodged            ||     7
       Rpst.: Long sword ||     3

Table legend:
 A = Spawn XP
 B = Non-spawn XP
 C = Spawn XP percentage of total XP
 D = Spawn monster count
 E = Non-spawn monster count
 F = Spawn count percentage of total count
 G = Total turns spent on level
                    A         B        C        D         E        F      G
               +---------+---------+-------+---------+---------+-------+---------
         Total |       0 |      36 |   0.0 |       0 |       1 |   0.0 |    69
               +---------+---------+-------+---------+---------+-------+---------
             D |       0 |      36 |   0.0 |       0 |       1 |   0.0 |    69
               +---------+---------+-------+---------+---------+-------+---------
